TOP OF THE 1ST |
Santa Barbara Golden Cranes batting - Pitching for Pennsauken Flyers : RHP Kunimatsu Taue
|
Pitching: RHP Kunimatsu Taue
|
|
Batting: LHB Arto Toikka
|
0-0: Ball 1-0: Fly out, F3 (Popup, 3SF, EV 72.5 MPH)
|
Batting: RHB Jody Clark
|
0-0: Fly out, F8 (Flyball, 8RD, EV 76.9 MPH)
|
Batting: LHB Jamie Starr
|
0-0: Ground out 4-3 (Groundball, 4, EV 108.8 MPH)
|
Top of the 1st over - 0 runs, 0 hits, 0 errors, 0 left on base; Santa Barbara 0 - Pennsauken 0 |
BOTTOM OF THE 1ST |
Pennsauken Flyers batting - Pitching for Santa Barbara Golden Cranes : RHP Jin-soo Jan-Hui
|
Pitching: RHP Jin-soo Jan-Hui
|
|
Batting: LHB Robby Caldwell
|
0-0: Ball 1-0: Foul Ball, location: 2F 1-1: Swinging Strike 1-2: Strikes out swinging
|
Batting: LHB Ethan Duffy
|
0-0: Ball 1-0: Called Strike 1-1: Ball 2-1: Ball 3-1: Called Strike 3-2: Foul Ball, location: 2F 3-2: SINGLE (Line Drive, 8RS, EV 91.9 MPH)
|
Batting: LHB Rafael Barrueco
|
0-0: Ball 1-0: Ball 2-0: Called Strike 2-1: SINGLE (Groundball, 4MD, EV 94.4 MPH) Ethan Duffy to second Runner from 2nd tries for 3rd, SAFE, no throw by CF
|
Batting: RHB Dana O'Quinlevan
|
0-0: Called Strike Rafael Barrueco steals 2nd base 0-1: Called Strike 0-2: Ground out 6-3 (Groundball, 6, EV 81.2 MPH) Ethan Duffy scores Rafael Barrueco to third
|
Batting: LHB Xiao-gang Qing
|
0-0: Ball 1-0: Called Strike 1-1: Ball 2-1: Foul Ball, location: 2F 2-2: Ball 3-2: Base on Balls
|
Batting: RHB Bras Castanheta
|
0-0: Ball 1-0: Ball 2-0: Ground out 1-3 (Groundball, 15S, EV 61.2 MPH)
|
Bottom of the 1st over - 1 run, 2 hits, 0 errors, 2 left on base; Santa Barbara 0 - Pennsauken 1 |
TOP OF THE 2ND |
Santa Barbara Golden Cranes batting - Pitching for Pennsauken Flyers : RHP Kunimatsu Taue
|
Batting: LHB Steve Murdock
|
0-0: Called Strike 0-1: Ball 1-1: Foul Ball, location: 2F 1-2: Ball 2-2: Fly out, F9 (Flyball, 89D, EV 90.0 MPH)
|
Batting: RHB José Avilés
|
0-0: SINGLE (Line Drive, 9S, EV 107.5 MPH)
|
Batting: LHB Alfredo Garza
|
0-0: Ball 1-0: Fielders Choice at 2nd, 3-6 (Groundball, 3, EV 111.9 MPH)
|
Batting: RHB John Ricks
|
0-0: Called Strike 0-1: Ball 1-1: Foul Ball, location: 2F 1-2: Ball 2-2: Fly out, F6 (Popup, 6S, EV 75.0 MPH)
|
Top of the 2nd over - 0 runs, 1 hit, 0 errors, 1 left on base; Santa Barbara 0 - Pennsauken 1 |
BOTTOM OF THE 2ND |
Pennsauken Flyers batting - Pitching for Santa Barbara Golden Cranes : RHP Jin-soo Jan-Hui
|
Batting: SHB Obke Preesman
|
0-0: Ball 1-0: SINGLE (Groundball, 34D, EV 96.9 MPH)
|
Batting: RHB Manuel Vallejo
|
0-0: Called Strike 0-1: Foul Ball, location: 2F 0-2: SINGLE (Groundball, 56D, EV 102.5 MPH) Obke Preesman to second
|
Batting: RHB Juan Vázquez
|
0-0: Fly out, F6 (Line Drive, 6, EV 66.2 MPH)
|
Batting: LHB Robby Caldwell
|
0-0: Ball 1-0: Ball 2-0: Ball 3-0: Base on Balls Obke Preesman to third Manuel Vallejo to second
|
Batting: LHB Ethan Duffy
|
0-0: Ball 1-0: Foul Ball, location: 2F 1-1: Swinging Strike 1-2: Ball 2-2: Strikes out looking
|
Batting: LHB Rafael Barrueco
|
0-0: Called Strike 0-1: Foul Ball, location: 2F 0-2: SINGLE (Line Drive, 3D, EV 105.6 MPH) Obke Preesman scores Manuel Vallejo to third Robby Caldwell to second
|
Batting: RHB Dana O'Quinlevan
|
0-0: Called Strike 0-1: Ball 1-1: Foul Ball, location: 2F 1-2: SINGLE (Line Drive, 34D, EV 97.5 MPH) Manuel Vallejo scores Robby Caldwell to third Rafael Barrueco to second Runner from 3rd tries for Home, SAFE, no throw by RF
|
Batting: LHB Xiao-gang Qing
|
0-0: Foul Ball, location: 2F 0-1: Ball 1-1: Foul Ball, location: 2F 1-2: Ball 2-2: Ball 3-2: Hit by Pitch Rafael Barrueco to third Dana O'Quinlevan to second
|
Batting: RHB Bras Castanheta
|
0-0: Called Strike 0-1: Ball 1-1: SINGLE (Groundball, 56, EV 95.6 MPH) (infield hit) Rafael Barrueco scores Dana O'Quinlevan to third Xiao-gang Qing to second
|
Batting: SHB Obke Preesman
|
0-0: Called Strike 0-1: Ball 1-1: Ball 2-1: Called Strike 2-2: Ball 3-2: Base on Balls Dana O'Quinlevan scores Xiao-gang Qing to third Bras Castanheta to second
|
Pitching: RHP Pang Qin
|
|
Batting: RHB Manuel Vallejo
|
0-0: Ball 1-0: Foul Ball, location: 2F 1-1: Ball 2-1: Foul Ball, location: 2F 2-2: Strikes out looking
|
Bottom of the 2nd over - 5 runs, 5 hits, 0 errors, 3 left on base; Santa Barbara 0 - Pennsauken 6 |
TOP OF THE 3RD |
Santa Barbara Golden Cranes batting - Pitching for Pennsauken Flyers : RHP Kunimatsu Taue
|
Batting: LHB Kyle Mullens
|
0-0: Ball 1-0: Called Strike 1-1: Reaches on Catchers interference
|
Batting: RHB Pat Lloyd
|
0-0: Ball 1-0: DOUBLE (Line Drive, 9LS, EV 111.2 MPH) Kyle Mullens to third
|
Batting: LHB Arto Toikka
|
0-0: Fly out, F1 (Line Drive, P, EV 66.9 MPH)
|
Batting: RHB Jody Clark
|
0-0: Ball 1-0: Ball 2-0: Ball 3-0: Called Strike 3-1: Foul Ball, location: 2F 3-2: SINGLE (Groundball, 34D, EV 97.5 MPH) Kyle Mullens scores Pat Lloyd to third
|
Batting: LHB Jamie Starr
|
0-0: Called Strike 0-1: Ball 1-1: Fly out, F8 (Line Drive, 8RM, EV 96.2 MPH) Runner from 3rd tags up, SCORES, throw by CF
|
Batting: LHB Steve Murdock
|
0-0: Ball 1-0: Called Strike 1-1: Ball 2-1: Foul Ball, location: 2F 2-2: Foul Ball, location: 2F 2-2: Ground out 4-3 (Groundball, 4S, EV 86.9 MPH)
|
Top of the 3rd over - 2 runs, 2 hits, 1 error, 1 left on base; Santa Barbara 2 - Pennsauken 6 |
BOTTOM OF THE 3RD |
Pennsauken Flyers batting - Pitching for Santa Barbara Golden Cranes : RHP Pang Qin
|
Batting: RHB Juan Vázquez
|
0-0: Ball 1-0: Ball 2-0: Called Strike 2-1: Foul Ball, location: 2F 2-2: Foul Ball, location: 2F 2-2: SINGLE (Flyball, 8RS, EV 90.0 MPH)
|
Batting: LHB Robby Caldwell
|
0-0: Called Strike 0-1: Swinging Strike 0-2: Foul Ball, location: 2F 0-2: Ball 1-2: Strikes out swinging
|
Batting: LHB Ethan Duffy
|
0-0: Ball 1-0: Ball 2-0: Ball 3-0: Called Strike 3-1: Called Strike 3-2: Base on Balls Juan Vázquez to second
|
Batting: LHB Rafael Barrueco
|
0-0: Foul Ball, location: 2F 0-1: Swinging Strike 0-2: Ball 1-2: Fielders Choice at 2nd, 6-4 (Groundball, 6, EV 84.4 MPH) Juan Vázquez to third
|
Batting: RHB Dana O'Quinlevan
|
0-0: Ball 1-0: Foul Ball, location: 2F 1-1: Fly out, F8 (Flyball, 89M, EV 82.5 MPH)
|
Bottom of the 3rd over - 0 runs, 1 hit, 0 errors, 2 left on base; Santa Barbara 2 - Pennsauken 6 |
TOP OF THE 4TH |
Santa Barbara Golden Cranes batting - Pitching for Pennsauken Flyers : RHP Kunimatsu Taue
|
Batting: RHB José Avilés
|
0-0: Ball 1-0: Ball 2-0: Fly out, F8 (Line Drive, 8LD, EV 98.1 MPH)
|
Batting: LHB Alfredo Garza
|
0-0: Foul Ball, location: 2F 0-1: Foul Ball, location: 2F 0-2: Strikes out swinging
|
Batting: RHB John Ricks
|
0-0: Called Strike 0-1: Foul Ball, location: 2F 0-2: Ball 1-2: Foul Ball, location: 2F 1-2: Fly out, F8 (Flyball, 89D, EV 98.8 MPH)
|
Top of the 4th over - 0 runs, 0 hits, 0 errors, 0 left on base; Santa Barbara 2 - Pennsauken 6 |
BOTTOM OF THE 4TH |
Pennsauken Flyers batting - Pitching for Santa Barbara Golden Cranes : RHP Pang Qin
|
Batting: LHB Xiao-gang Qing
|
0-0: Called Strike 0-1: SINGLE (Flyball, 56D, EV 93.1 MPH)
|
Batting: RHB Bras Castanheta
|
0-0: Grounds into double play, 6-4-3 (Groundball, 6, EV 88.8 MPH)
|
Batting: SHB Obke Preesman
|
0-0: Ball 1-0: SINGLE (Line Drive, 3D, EV 98.1 MPH)
|
Batting: RHB Manuel Vallejo
|
0-0: Called Strike 0-1: Ball 1-1: Fly out, F8 (Flyball, 8LD, EV 100.0 MPH)
|
Bottom of the 4th over - 0 runs, 2 hits, 0 errors, 1 left on base; Santa Barbara 2 - Pennsauken 6 |
TOP OF THE 5TH |
Santa Barbara Golden Cranes batting - Pitching for Pennsauken Flyers : RHP Kunimatsu Taue
|
Batting: LHB Kyle Mullens
|
0-0: Ball 1-0: Ball 2-0: Called Strike 2-1: Ball 3-1: Swinging Strike 3-2: Base on Balls
|
Batting: RHB Pat Lloyd
|
0-0: Called Strike 0-1: Ball 1-1: Ball 2-1: Ball 3-1: Fly out, F9 (Flyball, 89S, EV 85.0 MPH)
|
Batting: LHB Arto Toikka
|
0-0: Ball 1-0: SINGLE (Line Drive, 3D, EV 100.6 MPH) Kyle Mullens to second
|
Batting: RHB Jody Clark
|
0-0: Ball 1-0: SINGLE (Line Drive, 8RS, EV 101.9 MPH) Kyle Mullens to third Arto Toikka to second
|
Batting: LHB Jamie Starr
|
0-0: Called Strike 0-1: Foul Ball, location: 2F 0-2: Foul Ball, location: 2F 0-2: Ball 1-2: Foul Ball, location: 2F 1-2: Foul Ball, location: 2F 1-2: Foul Ball, location: 2F 1-2: Ball 2-2: Ball 3-2: Base on Balls Kyle Mullens scores Arto Toikka to third Jody Clark to second
|
Batting: LHB Steve Murdock
|
0-0: Foul Ball, location: 2F 0-1: Foul Ball, location: 2F 0-2: Fly out, F4 (Popup, 4S, EV 76.9 MPH)
|
Batting: RHB José Avilés
|
0-0: Called Strike 0-1: TRIPLE (Line Drive, 78XD, EV 103.1 MPH) Arto Toikka scores Jody Clark scores Jamie Starr scores
|
Pitching: LHP François Boyer
|
|
Batting: LHB Alfredo Garza
|
0-0: Ball 1-0: Called Strike 1-1: Ball 2-1: Ball 3-1: Foul Ball, location: 2F 3-2: Strikes out swinging
|
Top of the 5th over - 4 runs, 3 hits, 0 errors, 1 left on base; Santa Barbara 6 - Pennsauken 6 |
BOTTOM OF THE 5TH |
Pennsauken Flyers batting - Pitching for Santa Barbara Golden Cranes : RHP Pang Qin
|
Batting: RHB Juan Vázquez
|
0-0: Ball 1-0: Ball 2-0: Swinging Strike 2-1: DOUBLE (Line Drive, 7LS, EV 103.1 MPH)
|
Batting: LHB Robby Caldwell
|
0-0: Called Strike 0-1: Foul Ball, location: 2F 0-2: Ball 1-2: Ball 2-2: Strikes out swinging
|
Batting: LHB Ethan Duffy
|
0-0: Fly out, F8 (Flyball, 8RD, EV 100.6 MPH) Runner from 2nd tags up, SAFE at 3rd with throw by CF
|
Batting: LHB Rafael Barrueco
|
0-0: Intentional Walk
|
Batting: RHB Dana O'Quinlevan
|
0-0: Called Strike 0-1: Swinging Strike 0-2: Ball 1-2: Ball 2-2: Fly out, F8 (Line Drive, 8LM, EV 86.2 MPH)
|
Bottom of the 5th over - 0 runs, 1 hit, 0 errors, 2 left on base; Santa Barbara 6 - Pennsauken 6 |
TOP OF THE 6TH |
Santa Barbara Golden Cranes batting - Pitching for Pennsauken Flyers : LHP François Boyer
|
Batting: RHB John Ricks
|
0-0: Ball 1-0: TRIPLE (Flyball, 8LXD, EV 109.4 MPH)
|
Batting: LHB Kyle Mullens
|
0-0: Ball 1-0: SINGLE (Groundball, 4M, EV 96.2 MPH) John Ricks scores
|
Batting: RHB Pat Lloyd
|
0-0: Bunt missed! 0-1: Ground out 5-3 (Groundball, 5, EV 111.2 MPH) Kyle Mullens to second
|
Batting: LHB Arto Toikka
|
0-0: Ground out 6-3 (Groundball, 6, EV 100.6 MPH)
|
Batting: RHB Jody Clark
|
0-0: Ball 1-0: Ball 2-0: Called Strike 2-1: Foul Ball, location: 2F 2-2: Foul Ball, location: 2F 2-2: Ball 3-2: Base on Balls
|
Batting: LHB Jamie Starr
|
0-0: Ball 1-0: Fly out, F7 (Flyball, 78S, EV 96.2 MPH)
|
Top of the 6th over - 1 run, 2 hits, 0 errors, 2 left on base; Santa Barbara 7 - Pennsauken 6 |
BOTTOM OF THE 6TH |
Pennsauken Flyers batting - Pitching for Santa Barbara Golden Cranes : RHP Pang Qin
|
Batting: LHB Xiao-gang Qing
|
0-0: Called Strike 0-1: Swinging Strike 0-2: Ball 1-2: SINGLE (Flyball, 5D, EV 93.8 MPH)
|
Pitching: RHP Kgosi Gowon
|
|
Batting: RHB Bras Castanheta
|
0-0: Ball 1-0: Ball 2-0: Ball 3-0: Base on Balls Xiao-gang Qing to second
|
Batting: SHB Obke Preesman
|
0-0: Called Strike 0-1: Fly out, F9 (Flyball, 9, EV 84.4 MPH)
|
Batting: RHB Manuel Vallejo
|
0-0: Ball 1-0: SINGLE (Line Drive, 8LS, EV 106.2 MPH) Xiao-gang Qing to third Bras Castanheta to second
|
Batting: RHB Juan Vázquez
|
0-0: Called Strike 0-1: Ball 1-1: Grounds into fielders choice 6-2 (Groundball, 6, EV 88.8 MPH) Bras Castanheta to third Manuel Vallejo to second
|
Batting: LHB Robby Caldwell
|
0-0: Ball 1-0: Called Strike 1-1: Fly out, F8 (Line Drive, 8RD, EV 101.9 MPH)
|
Bottom of the 6th over - 0 runs, 2 hits, 0 errors, 3 left on base; Santa Barbara 7 - Pennsauken 6 |
TOP OF THE 7TH |
Santa Barbara Golden Cranes batting - Pitching for Pennsauken Flyers : LHP François Boyer
|
Batting: LHB Steve Murdock
|
0-0: Fly out, F7 (Flyball, 7S, EV 83.8 MPH)
|
Batting: RHB José Avilés
|
0-0: Ball 1-0: Ball 2-0: Called Strike 2-1: Ball 3-1: Foul Ball, location: 2F 3-2: SINGLE (Line Drive, 4D, EV 108.1 MPH)
|
Batting: LHB Alfredo Garza
|
0-0: Fielders Choice at 2nd, 6-4 (Groundball, 6, EV 87.5 MPH)
|
Batting: RHB John Ricks
|
0-0: Called Strike 0-1: Ball 1-1: Ball 2-1: Fly out, F9 (Line Drive, 9, EV 90.0 MPH)
|
Top of the 7th over - 0 runs, 1 hit, 0 errors, 1 left on base; Santa Barbara 7 - Pennsauken 6 |
BOTTOM OF THE 7TH |
Pennsauken Flyers batting - Pitching for Santa Barbara Golden Cranes : RHP Kgosi Gowon
|
Batting: LHB Ethan Duffy
|
0-0: Foul Ball, location: 2F 0-1: Foul Ball, location: 2F 0-2: Foul Ball, location: 2F 0-2: Ground out U3 (Groundball, 3S, EV 67.5 MPH)
|
Batting: LHB Rafael Barrueco
|
0-0: Ball 1-0: Foul Ball, location: 2F 1-1: Foul Ball, location: 2F 1-2: Strikes out swinging
|
Batting: RHB Dana O'Quinlevan
|
0-0: SINGLE (Groundball, 34D, EV 100.0 MPH)
|
Batting: LHB Xiao-gang Qing
|
0-0: Called Strike 0-1: DOUBLE (Line Drive, 3D, EV 102.5 MPH) Dana O'Quinlevan to third Runner from 3rd tries for Home, SAFE, no throw by RF
|
Batting: RHB Bras Castanheta
|
0-0: Ball 1-0: Foul Ball, location: 2F 1-1: Ground out 4-3 (Groundball, 34D, EV 93.8 MPH)
|
Bottom of the 7th over - 1 run, 2 hits, 0 errors, 1 left on base; Santa Barbara 7 - Pennsauken 7 |
TOP OF THE 8TH |
Santa Barbara Golden Cranes batting - Pitching for Pennsauken Flyers : LHP François Boyer
|
Batting: LHB Kyle Mullens
|
0-0: Foul Ball, location: 2F 0-1: Single, Error in OF, E9, batter to second base (Line Drive, 4D, EV 108.1 MPH)
|
Batting: RHB Pat Lloyd
|
0-0: Foul Ball, location: 2F 0-1: Foul Ball, location: 2F 0-2: Strikes out swinging
|
Batting: LHB Arto Toikka
|
0-0: Called Strike 0-1: Ball 1-1: Ground out 4-3 (Groundball, 4S, EV 86.2 MPH) Kyle Mullens to third
|
Batting: RHB Jody Clark
|
0-0: Ball 1-0: Ball 2-0: Ball 3-0: Called Strike 3-1: Ground out 5-3 (Groundball, 5, EV 98.8 MPH)
|
Top of the 8th over - 0 runs, 1 hit, 1 error, 1 left on base; Santa Barbara 7 - Pennsauken 7 |
BOTTOM OF THE 8TH |
Pennsauken Flyers batting - Pitching for Santa Barbara Golden Cranes : RHP Kgosi Gowon
|
Batting: SHB Obke Preesman
|
0-0: Swinging Strike 0-1: Foul Ball, location: 2F 0-2: Ball 1-2: SINGLE (Line Drive, 89M, EV 91.9 MPH)
|
Pitching: RHP Marcos Oquendo
|
|
Batting: RHB Manuel Vallejo
|
0-0: Sac Bunt to 2R - play at first, batter OUT! 2-4 Obke Preesman to second
|
Batting: RHB Juan Vázquez
|
0-0: Called Strike 0-1: Ball 1-1: Fly out, F2 (Popup, 2LF, EV 85.6 MPH)
|
Batting: LHB Robby Caldwell
|
0-0: Ball 1-0: Called Strike 1-1: Swinging Strike 1-2: Foul Ball, location: 2F 1-2: Ground out 6-3 (Groundball, 6S, EV 88.1 MPH)
|
Bottom of the 8th over - 0 runs, 1 hit, 0 errors, 1 left on base; Santa Barbara 7 - Pennsauken 7 |
TOP OF THE 9TH |
Santa Barbara Golden Cranes batting - Pitching for Pennsauken Flyers : LHP François Boyer
|
Batting: LHB Jamie Starr
|
0-0: Ground out 6-3 (Groundball, 56D, EV 95.6 MPH)
|
Batting: LHB Steve Murdock
|
0-0: Ball 1-0: Foul Ball, location: 2F 1-1: Swinging Strike 1-2: Strikes out swinging
|
Batting: RHB José Avilés
|
0-0: Ball 1-0: Ball 2-0: Reached on error, E7 (Flyball, 7LM, EV 86.2 MPH)
|
Batting: LHB Alfredo Garza
|
0-0: Called Strike 0-1: Ball 1-1: Foul Ball, location: 2F 1-2: Ball 2-2: Foul Ball, location: 2F 2-2: Strikes out swinging
|
Top of the 9th over - 0 runs, 0 hits, 1 error, 1 left on base; Santa Barbara 7 - Pennsauken 7 |
BOTTOM OF THE 9TH |
Pennsauken Flyers batting - Pitching for Santa Barbara Golden Cranes : RHP Marcos Oquendo
|
Batting: LHB Ethan Duffy
|
0-0: Ball 1-0: Ground out U3 (Groundball, 34, EV 85.0 MPH)
|
Batting: LHB Rafael Barrueco
|
0-0: TRIPLE (Flyball, 89XD, EV 100.6 MPH)
|
Batting: RHB Dana O'Quinlevan
|
0-0: Swinging Strike 0-1: Foul Ball, location: 2F 0-2: Ball 1-2: Ball 2-2: Strikes out looking
|
Batting: LHB Xiao-gang Qing
|
0-0: Foul Ball, location: 2F 0-1: Swinging Strike 0-2: Ball 1-2: Ball 2-2: Fly out, F8 (Line Drive, 8LD, EV 92.5 MPH)
|
Bottom of the 9th over - 0 runs, 1 hit, 0 errors, 1 left on base; Santa Barbara 7 - Pennsauken 7 |
TOP OF THE 10TH |
Santa Barbara Golden Cranes batting - Pitching for Pennsauken Flyers : LHP François Boyer
|
Pitching: RHP Suhaila Zainuddin
|
|
Batting: RHB John Ricks
|
0-0: Ball 1-0: Called Strike 1-1: Ball 2-1: TRIPLE (Flyball, 89XD, EV 101.2 MPH)
|
Batting: LHB Kyle Mullens
|
0-0: Called Strike 0-1: Called Strike 0-2: Ball 1-2: Ball 2-2: Ground out 6-3 (Groundball, 6, EV 81.9 MPH)
|
Batting: RHB Pat Lloyd
|
0-0: Called Strike 0-1: Called Strike 0-2: Ball 1-2: Ground out 5-3 (Groundball, 56S, EV 86.2 MPH)
|
Batting: LHB Arto Toikka
|
0-0: Called Strike 0-1: Ball 1-1: Ground out 6-3 (Groundball, 6, EV 82.5 MPH)
|
Top of the 10th over - 0 runs, 1 hit, 0 errors, 1 left on base; Santa Barbara 7 - Pennsauken 7 |
BOTTOM OF THE 10TH |
Pennsauken Flyers batting - Pitching for Santa Barbara Golden Cranes : RHP Marcos Oquendo
|
Pitching: RHP Orynn Veillon
|
|
Batting: RHB Bras Castanheta
|
0-0: Ball 1-0: Foul Ball, location: 2F 1-1: Foul Ball, location: 2F 1-2: Strikes out swinging
|
Pitching: RHP Dermot Eridge
|
|
Batting: SHB Obke Preesman
|
0-0: Called Strike 0-1: Ball 1-1: Swinging Strike 1-2: Ball 2-2: Strikes out swinging
|
Batting: RHB Manuel Vallejo
|
0-0: Called Strike 0-1: SINGLE (Flyball, 89M, EV 93.1 MPH)
|
Batting: RHB Juan Vázquez
|
0-0: Ball 1-0: Foul Ball, location: 2F 1-1: Ball 2-1: Called Strike Manuel Vallejo steals 2nd base 2-2: SINGLE (Line Drive, 7LS, EV 100.0 MPH) Manuel Vallejo to third Runner from 3rd tries for Home, SAFE, throw by LF to home
|
 |
Friday, March 26th, 2021 - OOTP Baseball 20.8 Build 74
|
|